 Dungeon Crawl Stone Soup version 0.21.1-1-g345015fe64 (webtiles) character file.

123 Ivernyr the Charmwright (level 4, -6/33 HPs)
             Began as a Demonspawn Skald on Apr 28, 2018.
             Mangled by a gnoll
             ... wielding a +0 halberd
              (8 damage)
             ... on level 3 of the Dungeon.
             The game lasted 00:06:52 (2027 turns).

Ivernyr the Charmwright (Demonspawn Skald)          Turns: 2027, Time: 00:06:53

Health: -6/33      AC: 10    Str: 11    XL:     4   Next: 80%
Magic:  2/7        EV: 12    Int: 15    God:
Gold:   211        SH:  0    Dex: 13    Spells: 2/7 levels left

rFire    . . .     SeeInvis .   a - +0 dagger
rCold    . . .     Gourm    .   (no shield)
rNeg     . . .     Faith    .   b - +0 leather armour
rPois    .         Spirit   .   (no helmet)
rElec    .         Reflect  .   g - +2 cloak
rCorr    .         Harm     .   m - +0 pair of gloves
MR       .....                  (no boots)
Stlth    +++.......             (no amulet)
HPRegen  0.11/turn              (no ring)
MPRegen  0.10/turn              (no ring)

@: very slightly contaminated
A: icy blue scales 2, nightstalker 1
a: no special abilities


You were on level 3 of the Dungeon.
You were not hungry.

You visited 1 branch of the dungeon, and saw 3 of its levels.

You collected 211 gold pieces.

Inventory:

Hand Weapons
 a - a +0 dagger (weapon)
Armour
 b - a +0 leather armour (worn)
 g - a +2 cloak (worn)
 m - a +0 pair of gloves (worn)
Jewellery
 l - an uncursed ring of protection from magic {unknown}
 s - an uncursed ring of protection from magic {unknown}
Scrolls
 e - a scroll of enchant armour {unknown}
 f - a scroll of teleportation {unknown}
 h - a scroll of remove curse {unknown}
 i - 4 scrolls of identify {unknown}
 n - 2 scrolls of enchant weapon {unknown}
 q - a scroll of fog {unknown}
Potions
 j - a potion of heal wounds {unknown}
 k - a potion of invisibility {unknown}
 o - 2 potions of lignification {unknown}
 p - a potion of cancellation {unknown}
Books
 c - a book of Battle

   Spells                             Type                      Level
   a - Infusion                       Charms                       1
   b - Shroud of Golubria             Charms/Translocation         2
   c - Song of Slaying                Charms                       2
   d - Spectral Weapon                Hexes/Charms                 3
   e - Regeneration                   Charms/Necromancy            3
Comestibles
 d - 7 rations


   Skills:
 - Level 2.1 Fighting
 + Level 1.3(1.9) Short Blades
   Level 1.9(2.1) Long Blades
 + Level 2.1 Armour
 - Level 1.7 Dodging
 * Level 2.3 Stealth
 - Level 2.0 Spellcasting
 + Level 3.3 Charms


You had 2 spell levels left.
You knew the following spells:

 Your Spells              Type           Power        Failure   Level  Hunger
a - Shroud of Golubria    Chrm/Tloc      #.........   22%         2    ###....
b - Song of Slaying       Chrm           ##......     11%         2    ###....
c - Infusion              Chrm           ##..         8%          1    #......


Dungeon Overview and Level Annotations

Branches:
Dungeon (3/15)

Altars:
Ru
Xom


Innate Abilities, Weirdness & Mutations

You are mostly covered in icy blue scales. (AC +3)
You are slightly more attuned to the shadows.


Message History

You hit the gnoll.
The gnoll is heavily wounded.
The gnoll hits you but does no damage.
You barely miss the gnoll.
The gnoll is heavily wounded.
The gnoll hits you but does no damage. The gnoll hits you!
* * * LOW HITPOINT WARNING * * *
You barely miss the gnoll.
The gnoll is heavily wounded.
The gnoll barely misses you. The gnoll hits you but does no damage.
You hit the gnoll.
The gnoll is severely wounded.
The gnoll barely misses you.
You hit the gnoll.
The gnoll is severely wounded.
The gnoll hits you but does no damage.
You hit the gnoll.
The gnoll is almost dead.
The gnoll hits you from afar with a halberd!
You die...

##.## ###...# ###
...#...... ...
...'>..... #g#
...####.## #g#
###.## #g# #....#
#g# #....# #@#
#....# #.#
#####....# #.#
........## #.#
#.####..# #.#####
#.# #..##
#.....###.####....
#.#.............##
#.#.#####.###..##
#.#...###.#....#


You could see 4 gnolls.

Vanquished Creatures
  A worker ant (D:2)
  4 adders
  An adder skeleton (D:3)
  2 dart slugs (D:3)
  A leopard gecko (D:1)
  3 orcs (D:3)
  8 bats
  3 giant cockroaches
  9 goblins
  6 hobgoblins
  6 kobolds
  A quokka (D:2)
  3 frilled lizards (D:1)
  3 rats
  A fungus (D:1)
52 creatures vanquished.

Vanquished Creatures (others)
  A fungus (D:1)
1 creature vanquished.

Grand Total: 53 creatures vanquished

Notes
Turn   | Place    | Note
-------+----------+-------------------------------------------
     0 | D:1      | Ivernyr the Demonspawn Skald began the quest for the Orb.
     0 | D:1      | Reached XP level 1. HP: 16/16 MP: 3/3
    29 | D:1      | Reached skill level 1 in Armour
   145 | D:1      | Gained mutation: You are slightly more attuned to the shadows. [demonic ancestry]
   145 | D:1      | Reached XP level 2. HP: 19/22 MP: 5/5
   483 | D:1      | Reached skill level 1 in Stealth
   558 | D:1      | Gained mutation: You are partially covered in icy blue scales. (AC +2) [demonic ancestry]
   558 | D:1      | Reached XP level 3. HP: 21/27 MP: 6/6
   765 | D:1      | Reached skill level 3 in Charms
   921 | D:2      | Found a shimmering altar of Xom.
  1016 | D:2      | Learned a level 2 spell: Song of Slaying
  1019 | D:2      | Learned a level 2 spell: Shroud of Golubria
  1204 | D:2      | Reached skill level 1 in Short Blades
  1231 | D:2      | Gained mutation: You are mostly covered in icy blue scales. (AC +3) [demonic ancestry]
  1231 | D:2      | Reached XP level 4. HP: 30/33 MP: 3/7
  1482 | D:2      | Found a sacrificial altar of Ru.
  2023 | D:3      | HP: 1/33 [gnoll (8)]
  2027 | D:3      | Mangled by a gnoll

Skill      XL: |  1  2  3  4 |
---------------+-------------+-----
Armour         | 1 2 |  2.1
Stealth        | 1 2 |  2.3
Charms         | 3 |  3.3
Short Blades   | 1 |  1.3
Fighting       | |  2.1
Long Blades    | |  1.9
Dodging        | |  1.7
Spellcasting   | |  2.0

Action                   |  1- 3 |  4- 6 || total
-------------------------+-------+-------++-------
Melee: Falchion          |    18 |       ||    18
       Dagger            |   188 |   133 ||   321
 Cast: Shroud of Golubri |     2 |     5 ||     7
       Infusion          |     1 |       ||     1
 Stab: Sleeping          |     5 |     3 ||     8
  Eat: Chunk             |     1 |     4 ||     5
Armor: Leather armour    |    83 |    55 ||   138
Dodge: Dodged            |   120 |    60 ||   180
       Rpst.: Falchion   |     1 |       ||     1
